 Dungeon Crawl Stone Soup version 0.22-a0-135-g6f012ad (webtiles) character file.

163 Lathuz the Cudgeler (level 5, -6/34 HPs)
             Began as a Gargoyle Fighter on Jan 31, 2018.
             Mangled by an ogre
             ... wielding a +0 giant club
              (11 damage)
             ... on level 3 of the Dungeon.
             The game lasted 00:06:31 (2262 turns).

Lathuz the Cudgeler (Gargoyle Fighter)              Turns: 2262, Time: 00:06:31

Health: -6/34      AC: 15    Str: 20    XL:     5   Next: 44%
Magic:  5/5        EV:  8    Int:  8    God:
Gold:   184        SH:  9    Dex: 10    Spells: 4/4 levels left

rFire    . . .     SeeInvis .   a - +0 flail
rCold    + . .     Gourm    .   c - +0 shield
rNeg     + + .     Faith    .   q - +1 ring mail {rC+}
rPois    ∞         Spirit   .   (no helmet)
rElec    +         Reflect  .   y - +0 cloak
rCorr    .         Harm     .   (no gloves)
MR       .....                  (no boots)
Stlth    ..........             (no amulet)
HPRegen  0.11/turn              l - +4 ring of protection
MPRegen  0.09/turn              v - ring of positive energy

@: no status effects
A: negative energy resistance 1, electricity resistance, unbreathing,
petrification resistance, rot immunity, AC +4
a: no special abilities


You were on level 3 of the Dungeon.
You were not hungry.

You visited 1 branch of the dungeon, and saw 4 of its levels.

You collected 184 gold pieces.

Inventory:

Hand Weapons
 a - a +0 flail (weapon)
Missiles
 e - 47 stones (quivered)
Armour
 b - a +0 scale mail
 c - a +0 shield (worn)
 q - a +1 ring mail of cold resistance (worn)
 y - a +0 cloak (worn)
Jewellery
 l - a +4 ring of protection (left hand)
 v - a ring of positive energy (right hand)
Scrolls
 g - a scroll of amnesia {unknown}
 h - 3 scrolls of teleportation
 i - a scroll of identify
 p - 2 scrolls of magic mapping
 r - a scroll of immolation
 t - a scroll of enchant armour {unknown}
Potions
 d - a potion of might
 k - 3 potions of heal wounds
 m - a potion of magic {unknown}
 n - a potion of agility {unknown}
 s - a potion of haste {unknown}
 u - a potion of curing {unknown}
 w - 2 potions of ambrosia {unknown}
 z - a potion of flight {unknown}
Comestibles
 f - 4 rations
 j - 5 chunks of flesh


   Skills:
 + Level 4.6 Fighting
 * Level 4.6 Maces & Flails
 - Level 3.2 Armour
 - Level 3.2 Shields


You had 4 spell levels left.
You didn't know any spells.

Dungeon Overview and Level Annotations

Branches:
Dungeon (4/15)
 Temple: D:4-7

Altars:
Uskayaw
Vehumet


Innate Abilities, Weirdness & Mutations

You are resistant to torment.
Your stone body is resilient. (AC +4)
You are immune to poison.
You resist negative energy. (rN+)
You are resistant to electric shocks. (rElec)
You can survive without breathing.
You are immune to petrification.
You are immune to rotting.


Message History

An ogre opens the door.
There is a stone staircase leading up here.
The ogre hits you with a giant club.
You climb upwards.
There is a stone staircase leading down here.
You hit the ogre.
The ogre is lightly wounded.
The ogre hits you with a giant club!!
Ouch! That really hurt!
You barely miss the ogre.
The ogre is lightly wounded.
The ogre completely misses you.
You barely miss the ogre.
The ogre is lightly wounded.
The ogre hits you with a giant club.
* * * LOW HITPOINT WARNING * * *
You sock the ogre!
The ogre is moderately wounded.
The ogre hits you with a giant club!
You die...

#..# ###.......# #.##
#.###.#.#
####.##############.##.%#.#
#.......##......^##.##.##.#
#.##.##.##.......##.##.##.#
#.##.##.##.......##.......#
#.##....##...>...#####.####
#.####>.##..[....# #.#
#.####..##.[@O...# #.#
#.......##.#####.# ##.##
######.###.......# #.#.#
#.# #.###########..# #)#
#.#.......# ##.# ## #
#.###.#.#####.# #.# ##. #
##........####.####.###.#
####
#......................##
...#
##..##.#..####.####.....#


You could see an ogre.

Vanquished Creatures
  Jessica (D:2)
  A worker ant zombie (D:2)
  6 adders
  An ooze (D:2)
  3 dart slugs
  9 orcs
  4 giant cockroaches
  5 goblins
  3 hobgoblins
  9 kobolds
  2 quokkas (D:2)
  6 bats
  A frilled lizard (D:3)
  5 rats
56 creatures vanquished.

Notes
Turn   | Place    | Note
-------+----------+-------------------------------------------
     0 | D:1      | Lathuz the Gargoyle Fighter began the quest for the Orb.
     0 | D:1      | Reached XP level 1. HP: 14/14 MP: 1/1
    69 | D:1      | Reached XP level 2. HP: 19/19 MP: 2/2
   605 | D:1      | Reached XP level 3. HP: 24/24 MP: 3/3
   793 | D:2      | Reached XP level 4. HP: 28/29 MP: 4/4
  1037 | D:2      | Noticed a dagger
  1037 | D:2      | Noticed a hand axe
  1039 | D:2      | Found a hide-covered altar of Uskayaw.
  1128 | D:2      | Noticed Jessica
  1144 | D:2      | Killed Jessica
  1352 | D:3      | Reached XP level 5. HP: 34/34 MP: 5/5
  1360 | D:3      | Found a radiant altar of Vehumet.
  2237 | D:4      | Noticed an ogre
  2239 | D:4      | Noticed an ogre
  2262 | D:3      | Mangled by an ogre

Vault maps used:
D:1:      ncdulo_smallfort
D:2:      cheibrodos_old_hovel, dancing_weapons_uskayaw, first_ration,
          uniq_jessica
D:3:      old_standard_altar
D:4:      gammafunk_steamed_eel, minitemple,
          nicolae_ossuary_entry_false_entrances, uniq_grinder, uniq_eustachio

Skill      XL: |  1  2  3  4 |
---------------+-------------+-----
Maces & Flails | 3 4 |  4.6
Fighting       | 4 |  4.6
Armour         | |  3.2
Shields        | |  3.2

Action                   |  1- 3 |  4- 6 || total
-------------------------+-------+-------++-------
Melee: Flail             |   103 |   133 ||   236
Throw: Stone             |    51 |    93 ||   144
  Use: Scroll            |       |     7 ||     7
  Eat: Chunk             |       |     5 ||     5
Armor: Scale mail        |    57 |    57 ||   114
       Ring mail         |       |    16 ||    16
Dodge: Dodged            |    27 |    40 ||    67
Block: Shield            |    53 |    63 ||   116

Table legend:
 A = Spawn XP
 B = Non-spawn XP
 C = Spawn XP percentage of total XP
 D = Spawn monster count
 E = Non-spawn monster count
 F = Spawn count percentage of total count
 G = Total turns spent on level
                    A         B        C        D         E        F      G
               +---------+---------+-------+---------+---------+-------+---------
         Total |       0 |     234 |   0.0 |       0 |      56 |   0.0 |  2262
               +---------+---------+-------+---------+---------+-------+---------
           D:1 |       0 |      39 |   0.0 |       0 |      14 |   0.0 |   563
           D:2 |       0 |     104 |   0.0 |       0 |      15 |   0.0 |   649
           D:3 |       0 |      69 |   0.0 |       0 |      23 |   0.0 |   986
           D:4 |       0 |      22 |   0.0 |       0 |       4 |   0.0 |    64
               +---------+---------+-------+---------+---------+-------+---------
